 Dungeon Crawl Stone Soup version 0.21.1-1-g345015f (webtiles) character file.

866 Tolfdir the Changer (level 7, 41/42 HPs)
             Began as a Deep Elf Transmuter on Apr 16, 2018.
             Quit the game on level 4 of the Dungeon on May 1, 2018.
             The game lasted 00:42:24 (3117 turns).

Tolfdir the Changer (Deep Elf Transmuter)           Turns: 3117, Time: 00:42:24

Health: 41/42      AC:  6    Str:  7    XL:     7   Next: 72%
Magic:  19/19      EV: 16    Int: 20    God:
Gold:   127        SH:  0    Dex: 15    Spells: 4/19 levels left

rFire    . . .     SeeInvis .     - Unarmed
rCold    . . .     Gourm    .   (no shield)
rNeg     . . .     Faith    .   b - +1 robe
rPois    .         Spirit   .   (no helmet)
rElec    .         Reflect  .   (no cloak)
rCorr    +         Harm     .   n - +2 pair of gloves
MR       .....                  (boots currently unavailable)
Stlth    ++........             (no amulet)
HPRegen  0.14/turn              l - ring of resist corrosion
MPRegen  0.16/turn              (no ring)

@: appendage
A: talons 3
a: End Transformation


You were on level 4 of the Dungeon.
You were not hungry.
You had grown temporary talons.
You visited 1 branch of the dungeon, and saw 4 of its levels.

You collected 127 gold pieces.

Inventory:

Armour
 b - a +1 robe (worn)
 n - a +2 pair of gloves (worn)
Jewellery
 l - a ring of resist corrosion (left hand)
Scrolls
 g - 6 scrolls of identify
 j - 3 scrolls of amnesia
Potions
 e - a potion of curing
Books
 c - a book of Changes

   Spells                             Type                      Level
   a - Beastly Appendage              Transmutation                1
   b - Sticks to Snakes               Transmutation                2
   c - Spider Form                    Transmutation/Poison         3
   d - Ice Form                       Ice/Transmutation            4
   e - Blade Hands                    Transmutation                5
Comestibles
 a - 2 chunks of flesh
 d - 8 rations


   Skills:
 + Level 3.8 Fighting
 + Level 6.1 Dodging
 + Level 2.8 Stealth
 + Level 4.5 Unarmed Combat
 + Level 6.9 Spellcasting
 * Level 7.9 Transmutations
 + Level 4.8 Ice Magic
 - Level 5.0 Poison Magic


You had 4 spell levels left.
You knew the following spells:

 Your Spells              Type           Power        Failure   Level  Hunger
a - Beastly Appendage     Tmut           #####.       1%          1    None
b - Sticks to Snakes      Tmut           #####...     1%          2    None
c - Spider Form           Tmut/Pois      ####......   1%          3    #......
d - Ice Form              Ice/Tmut       ####....     7%          4    ###....
e - Blade Hands           Tmut           #####.....   10%         5    #####..


Dungeon Overview and Level Annotations

Branches:
Dungeon (4/15)
 Temple: D:4-7

Altars:
Kikubaaqudgha
Uskayaw

Annotations:
D:4 Verendum's ghost, novice GrAK


Innate Abilities, Weirdness & Mutations

You have claws for feet.


Message History

You see here a worm corpse.
You butcher the worm corpse.
a - 3 chunks of flesh Eating one of 3 chunks of flesh.
You eat one of the 3 chunks of flesh.
This raw flesh tastes terrible.
A gnoll comes into view. It is wielding a club.
Found a stone staircase leading down.
Save game and exit?
Level annotation: Verendum's ghost, novice GrAK Welcome back, Tolfdir the Deep Elf Transmuter.
Press ? for a list of commands and other information.
A gnoll comes into view. It is wielding a flail.
Level annotation: Verendum's ghost, novice GrAK Welcome back, Tolfdir the Deep Elf Transmuter.
Press ? for a list of commands and other information.
Quiver which item? (- for none, * to show all) (? for menu, Esc to quit)
Okay, then.
Are you sure you want to abandon this character and quit the game? (Confirm with "yes".)
Okay, then.
Are you sure you want to abandon this character and quit the game? (Confirm with "yes".)

#...# #.#.# ##
.....###.#.#####..
.................#
#..........####...
.....##.....###...
#.#..##.....#.....
..#####.................
........#...............
.######@#..#............
....................[..#
..g.>#...............)..
.....#..#..#...........#
..g.....#..#............
...#.#..................
. ............##..##...#
###.#..#..##.##..##....
#.#..#..##.##.###...#


You could see 2 gnolls.

Vanquished Creatures
  Sigmund (D:2)
  A sky beast (D:4)
  4 wights (D:3)
  A howler monkey (D:4)
  Jessica (D:2)
  3 adders
  2 dart slugs
  A worm (D:4)
  2 leopard geckos (D:1)
  9 bats
  6 giant cockroaches
  16 goblins
  9 hobgoblins
  3 jackals (D:4)
  4 kobolds
  A quokka (D:3)
  4 frilled lizards
  6 rats
74 creatures vanquished.

Vanquished Creatures (collateral kills)
  A wight (D:3)
  A goblin (D:1)
  A hobgoblin (D:1)
  A ball python (D:1)
  A frilled lizard (D:3)
5 creatures vanquished.

Grand Total: 79 creatures vanquished

Notes
Turn   | Place    | Note
-------+----------+-------------------------------------------
     0 | D:1      | Tolfdir the Deep Elf Transmuter began the quest for the Orb.
     0 | D:1      | Reached XP level 1. HP: 11/11 MP: 6/6
   248 | D:1      | Reached XP level 2. HP: 15/16 MP: 6/8
   253 | D:1      | Learned a level 2 spell: Sticks to Snakes
   352 | D:1      | Reached skill level 1 in Fighting
   468 | D:1      | Reached skill level 1 in Stealth
   795 | D:1      | Reached XP level 3. HP: 15/20 MP: 9/9
   800 | D:1      | Learned a level 3 spell: Spider Form
  1267 | D:2      | Reached skill level 3 in Transmutations
  1317 | D:2      | Noticed Jessica
  1327 | D:2      | Killed Jessica
  1327 | D:2      | Reached XP level 4. HP: 22/25 MP: 3/11
  1338 | D:2      | Learned a level 4 spell: Ice Form
  1549 | D:2      | Found a faded altar of an unknown god.
  1709 | D:2      | Noticed Sigmund
  1726 | D:2      | Killed Sigmund
  1726 | D:2      | Reached skill level 1 in Ice Magic
  1726 | D:2      | Reached skill level 1 in Poison Magic
  1726 | D:2      | Reached XP level 5. HP: 23/30 MP: 9/13
  1764 | D:2      | Noticed a hand axe
  1764 | D:2      | Noticed a hand axe
  1765 | D:2      | Found a hide-covered altar of Uskayaw.
  1962 | D:3      | Reached skill level 5 in Dodging
  1962 | D:3      | Reached skill level 7 in Transmutations
  1962 | D:3      | Reached XP level 6. HP: 11/38 MP: 6/17
  1979 | D:3      | Reached XP level 7. HP: 6/42 MP: 5/19
  2108 | D:2      | Learned a level 5 spell: Blade Hands
  2932 | D:4      | Found an ancient bone altar of Kikubaaqudgha.
  3020 | D:4      | Noticed Verendum's ghost (novice GrAK)
  3072 | D:4      | Reached skill level 5 in Poison Magic
  3117 | D:4      | Quit the game

Skill      XL: |  1  2  3  4  5  6  7 |
---------------+----------------------+-----
Fighting       | 1 3 |  3.8
Stealth        | 1 2 |  2.8
Transmutations | 3 7 |  7.9
Dodging        | 3 5 6 |  6.1
Spellcasting   | 4 6 |  6.9
Ice Magic      | 1 4 |  4.8
Poison Magic   | 1 4 5 |  5.0
Unarmed Combat | 4 |  4.5

Action                   |  1- 3 |  4- 6 |  7- 9 || total
-------------------------+-------+-------+-------++-------
Melee: Unarmed           |   125 |    37 |    98 ||   260
       Kick              |    15 |     3 |     2 ||    20
       Headbutt          |     4 |     1 |     7 ||    12
       Scythe            |       |     2 |     4 ||     6
       Punch             |       |       |     2 ||     2
 Cast: Beastly Appendage |    24 |     8 |    13 ||    45
       Sticks to Snakes  |     5 |     2 |     4 ||    11
       Spider Form       |     2 |     1 |     2 ||     5
       Ice Form          |       |     2 |     1 ||     3
       Blade Hands       |       |       |     4 ||     4
  Use: Scroll            |       |     5 |     4 ||     9
       Potion            |       |     3 |       ||     3
 Stab: Sleeping          |     1 |     3 |     5 ||     9
  Eat: Chunk             |     2 |     2 |     6 ||    10
Armor: Robe              |    21 |     6 |    12 ||    39
       Skin              |       |     1 |    16 ||    17
Dodge: Dodged            |    98 |    25 |    85 ||   208
